 Dungeon Crawl Stone Soup version 0.20.1-1-g8b1a95d (webtiles) character file.

83099 manyhoops the Zephyrmancer (level 14, -15/113 (115) HPs)
             Began as a Demigod Air Elementalist on Sept 6, 2017.
             Killed from afar by an ice dragon (32 damage)
             ... with a blast of cold
             ... on level 15 of the Dungeon.
             The game lasted 01:15:31 (35660 turns).

manyhoops the Zephyrmancer (DgAE)                  Turns: 35660, Time: 01:15:32

HP:   -15/113 (115) AC:  6    Str: 21    XL:     14   Next: 92%
MP:   27/40         EV: 19    Int: 35    God:
Gold: 1909          SH:  6    Dex: 20    Spells: 12/30 levels left

rFire    + . .     SeeInvis .   K - +8 trident "Vygusepn" {flame, rPois rC- Str+4 Int+5}
rCold    . . .     Gourm    +   F - +0 buckler (curse)
rNeg     . . .     Faith    .   h - +0 troll leather armour {Purgy}
rPois    +         Spirit   .   y - +0 helmet of Heavaoja {Regen+ rCorr} (curse)
rElec    .         Reflect  .   f - scarf {rC+ rF+}
rCorr    +         Harm     .   S - +0 pair of gloves
MR       +....     NoTele   +   (no boots)
Stlth    ++........             e - amulet of the gourmand
Regen    1.1/turn               G - ring of the Final Decision {rCorr -Tele Str+4 Int+3}
MPRegen  0.3/turn               M - ring of magical power

@: drained
A: claws 1, thin skeletal structure 1, agile 1, high mp 1, strong 1
a: no special abilities


You were on level 15 of the Dungeon.
You were very hungry.

You visited 2 branches of the dungeon, and saw 21 of its levels.
You also visited: Ossuary and Ice Cave.

You collected 1909 gold pieces.

Inventory:

Hand Weapons
 K - the +8 trident "Vygusepn" (weapon) {flame, rPois rC- Str+4 Int+5}
   (You found it on level 2 of the Lair of Beasts)

   It has been specially enchanted to burn those struck by it, causing extra
   injury to most foes and up to half again as much damage against particularly
   susceptible opponents.
   It affects your strength (+4).
   It affects your intelligence (+5).
   It makes you vulnerable to cold.
   It protects you from poison.
Armour
 f - a scarf of resistance (worn)
 h - a +0 troll leather armour (worn) {Purgy}
 y - the cursed +0 helmet of Heavaoja (worn) {Regen+ rCorr}
   (You found it on level 14 of the Dungeon)

   It increases your rate of regeneration.
   It protects you from acid and corrosion.
   It has a curse placed upon it.
 F - a cursed +0 buckler (worn)
 S - a +0 pair of gloves (worn)
Magical Staves
 X - an uncursed staff of energy
Jewellery
 e - an amulet of the gourmand (around neck)
 n - an uncursed ring of protection from cold
 q - an uncursed ring of positive energy
 t - an uncursed ring of protection from magic
 v - an uncursed ring of stealth
 x - an uncursed ring of fire
 G - the ring of the Final Decision (left hand) {rCorr -Tele Str+4 Int+3}
   (You found it on level 6 of the Dungeon)

   [ring of resist corrosion]

   It affects your strength (+4).
   It affects your intelligence (+3).
   It prevents most forms of teleportation.
 M - a ring of magical power (right hand)
 O - an uncursed ring of resist corrosion
 T - an uncursed ring of see invisible
 V - an uncursed ring of flight
Wands
 r - a wand of acid (9/15)
 H - a wand of digging (7/24)
 I - a wand of lightning (7/15)
 J - a wand of disintegration (10/24)
 P - a wand of flame (18/48)
Scrolls
 a - a scroll of holy word
 b - a scroll of silence
 d - 10 scrolls of remove curse
 i - 3 scrolls of fog
 j - a scroll of immolation
 l - a scroll of fear
 s - 4 scrolls of amnesia
 u - 5 scrolls of noise
 C - 2 scrolls of blinking
 R - 3 scrolls of magic mapping
 U - 2 scrolls of teleportation
 W - 3 scrolls of identify
 Y - a scroll of enchant armour
Potions
 m - 2 potions of agility
 o - 6 potions of curing
 p - 4 potions of brilliance
 z - 4 potions of might
 A - 6 potions of haste
 B - a potion of ambrosia
 E - 2 potions of flight
 L - 3 potions of invisibility
 N - 2 potions of berserk rage
 Q - a potion of lignification
Books
 g - a book of Misfortune

   Spells                             Type                      Level
   a - Confusing Touch                Hexes                        1
   b - Confuse                        Hexes                        3
   c - Gell's Gravitas                Translocation                3
   d - Petrify                        Transmutation/Earth          4
   e - Metabolic Englaciation         Hexes/Ice                    5
   f - Yara's Violent Unravelling     Hexes/Transmutation          5
Comestibles
 c - 15 bread rations
 k - a meat ration
 w - 4 fruits
 D - a royal jelly


   Skills:
 - Level 8.0(7.8) Fighting
 - Level 5.3(5.2) Polearms
 - Level 9.7(9.5) Dodging
 - Level 1.7(1.6) Stealth
 - Level 4.0(3.8) Shields
 - Level 8.6(8.4) Spellcasting
 * Level 12.5(12.3) Conjurations
 - Level 5.9(5.8) Ice Magic
 + Level 13.4(13.2) Air Magic


You had 12 spell levels left.
You knew the following spells:

 Your Spells              Type           Power        Failure   Level  Hunger
a - Shock                 Conj/Air       ####         1%          1    None
b - Swiftness             Chrm/Air       ######..     1%          2    None
c - Static Discharge      Conj/Air       #######.     1%          3    None
d - Airstrike             Air            #######...   1%          4    None
e - Lightning Bolt        Conj/Air       #######...   1%          5    ###....
f - Ozocubu's Armour      Chrm/Ice       #####...     3%          3    None


Dungeon Overview and Level Annotations

Branches:
Dungeon (15/15)            Temple (0/1) D:5            Lair (6/6) D:10
  Swamp (0/4) Lair:4       Spider (0/4) Lair:2        Slime (0/5) Lair:5
    Orc (0/2) D:12         Vaults (0/5) D:13
 Depths: D:15


Innate Abilities, Weirdness & Mutations

You have an increased reservoir of magic. (+10% MP)
You have sharp fingernails.
You have a somewhat thin skeletal structure. (Dex +2, Stealth)
You are agile. (Dex +2)
Your muscles are strong. (Str +2)


Message History

Press: ? - help, Shift-Dir - straight line, f/p - ice dragon
Aim: an ice dragon (lightly wounded)
You hear a mighty clap of thunder!
The bolt of lightning hits the ice dragon.
The ice dragon is moderately wounded.
Unknown command.
The ice dragon breathes frost at you.
The blast of cold hits the ice dragon.
The ice dragon resists.
The blast of cold misses you. The ice dragon breathes frost at you.
The blast of cold hits you! The ice dragon breathes frost at you.
The blast of cold hits you!
There is a stone staircase leading up here.
The ice dragon breathes frost at you. The blast of cold hits you!
* * * LOW HITPOINT WARNING * * *
The ice dragon breathes frost at you. The blast of cold hits you!
You die...

######
######################.....
#.............#......#.....
#.............#......#.....
#.........@...#......#.....
#.............#......#.....
#.............#......#.....
#....##...D...##.....#.....
########......##.....'.....
##D8..###.....#.....
#...####.....###...
#D....##..#.......#..)
.....#####...#.........≈≈


You could see 2 ice dragons.

Vanquished Creatures
  Gastronok (Lair:1)
  Louise (D:15)
  2 fire dragons (Lair:6)
  Josephine (D:15)
  Erolcha (D:10)
  4 vault guards (D:13)
  5 hydras
  Erica (D:9)
  A death knight (D:14)
  3 centaur warriors
  5 two-headed ogres
  6 death yaks
  A swamp dragon (Lair:6)
  An unseen horror (D:11)
  A lindwurm (Lair:6)
  4 oklob plants (Lair:4)
  7 ugly things
  2 wolf spiders
  Joseph (Lair:1)
  5 cyclopes
  4 black mambas
  Maurice (D:9)
  Psyche (D:9)
  7 torpor snails (Lair:6)
  12 spiny frogs
  2 gargoyles
  2 freezing wraiths
  5 rime drakes
  2 tengu conjurers (D:13)
  A kobold demonologist (D:13)
  10 komodo dragons
  A redback zombie (D:11)
  2 polar bears (Lair:5)
  3 meliai (D:12)
  4 tyrant leeches (Lair:6)
  10 hornets (Lair:6)
  13 hippogriffs
  11 blink frogs
  4 slime creatures (D:13)
  A water elemental (D:15)
  4 wraiths
  2 wyverns (D:10)
  A shadow (D:12)
  A spriggan (D:8)
  A tarantella (shapeshifter) (D:15)
  Grum (D:10)
  A basilisk (D:11)
  55 yaks
  10 vampire mosquitoes
  The ghost of Frank the Sneak, an amateur OpMo (D:4)
  A steam dragon (Lair:6)
  Menkaure (D:7)
  A hungry ghost (D:8)
  A swamp worm (Lair:4)
  18 water moccasins
  A soldier ant (D:13)
  4 acid dragons
  8 porcupines
  7 ice beasts
  3 sky beasts
  Purgy (D:4)
  7 orc warriors
  2 swamp drakes (Lair:6)
  A hornet zombie (D:14)
  2 phantoms
  2 black bears
  9 necrophages
  3 ogres
  An eye of draining (shapeshifter) (D:15)
  20 centaurs
  29 wolves
  13 crocodiles
  3 big kobolds
  An elf zombie (Ossuary)
  19 bullfrogs
  2 gnoll sergeants
  A wyvern zombie (D:11)
  2 wyvern skeletons
  5 scorpions
  17 killer bees
  6 wights
  6 howler monkeys
  2 electric eels (Lair:1)
  10 crimson imps
  2 lava snakes (D:15)
  7 centaur zombies
  3 quasits
  4 bullfrog skeletons
  7 hounds
  7 centaur skeletons
  4 orc priests
  3 jellies
  12 orc wizards
  8 iguanas
  Natasha (thrice) (D:3)
  Ijyb (D:4)
  Terence (D:3)
  11 worker ants
  A hound zombie (D:9)
  3 hound skeletons
  2 mummies (Ossuary)
  A howler monkey zombie (D:4)
  2 worker ant zombies
  Robin (D:3)
  9 adders
  14 gnolls
  3 shadow imps
  2 adder zombies
  3 adder skeletons
  3 worms
  A dart slug (D:2)
  6 leopard geckos
  41 orcs
  A ball python (D:3)
  4 giant cockroaches
  10 hobgoblins
  10 jackals
  5 quokkas
  5 bats
  4 frilled lizards
  15 goblins
  A goblin zombie (Ossuary)
  8 hobgoblin zombies (Ossuary)
  A jackal skeleton (D:4)
  A jackal zombie (Ossuary)
  22 kobolds
  8 kobold zombies (Ossuary)
  A leopard gecko skeleton (D:4)
  12 orc zombies (Ossuary)
  A quokka skeleton (D:7)
  11 rats
  A rat zombie (Ossuary)
  10 plants
731 creatures vanquished.

Vanquished Creatures (others)
  A spriggan (shapeshifter) (D:14)
  A bush (Lair:6)
  21 fungi
  42 plants
65 creatures vanquished.

Grand Total: 796 creatures vanquished

Notes
Turn   | Place    | Note
-------+----------+-------------------------------------------
     0 | D:1      | manyhoops the Demigod Air Elementalist began the quest for the Orb.
     0 | D:1      | Reached XP level 1. HP: 14/14 MP: 5/5
   305 | D:1      | Reached skill level 1 in Conjurations
   617 | D:1      | Reached skill level 3 in Air Magic
   802 | D:1      | Reached XP level 2. HP: 20/20 MP: 1/7
  1333 | D:1      | Learned a level 2 spell: Swiftness
  1390 | D:2      | Noticed a dagger
  1390 | D:2      | Noticed a hand axe
  1398 | D:2      | Gained mutation: Your muscles are strong. (Str +2) [potion of mutation]
  1398 | D:2      | Gained mutation: You are agile. (Dex +2) [potion of mutation]
  1398 | D:2      | Gained mutation: You have sharp fingernails. [potion of mutation]
  1398 | D:2      | Gained mutation: You have a somewhat thin skeletal structure. (Dex +2, Stealth) [potion of mutation]
  1634 | D:2      | Found a hide-covered altar of Uskayaw.
  1825 | D:2      | Reached XP level 3. HP: 26/26 MP: 4/8
  1933 | D:2      | Learned a level 3 spell: Static Discharge
  2164 | D:2      | Found a deep blue altar of Sif Muna.
  2315 | D:3      | Found an ancient bone altar of Kikubaaqudgha.
  2373 | D:3      | Noticed Terence
  2401 | D:3      | Killed Terence
  2491 | D:3      | Reached XP level 4. HP: 21/33 MP: 4/10
  2681 | D:3      | Noticed Robin
  2699 | D:3      | Killed Robin
  2886 | D:3      | Noticed Natasha
  2890 | D:3      | Killed Natasha
  2902 | D:3      | Reached XP level 5. HP: 33/38 MP: 1/12
  2917 | D:3      | Noticed Natasha
  2920 | D:3      | Killed Natasha
  3020 | D:3      | Noticed Natasha
  3026 | D:3      | Killed Natasha
  3072 | D:3      | Found a glowing silver altar of Zin.
  3251 | D:3      | Reached skill level 4 in Air Magic
  3339 | D:4      | Noticed Purgy
  3393 | D:4      | Noticed Frank's ghost (amateur OpMo)
  3446 | D:4      | Learned a level 4 spell: Airstrike
  3458 | D:4      | Reached XP level 6. HP: 43/45 MP: 9/13
  3969 | D:4      | Killed Purgy
  4078 | D:4      | Noticed Ijyb
  4091 | D:4      | Killed Ijyb
  4091 | D:4      | Reached XP level 7. HP: 50/50 MP: 1/15
  4096 | D:4      | Reached skill level 5 in Air Magic
  4251 | D:4      | Found a shimmering altar of Xom.
  4309 | D:4      | Found a basalt altar of Yredelemnul.
  4324 | D:4      | Killed Frank's ghost
  4324 | D:4      | Reached skill level 5 in Conjurations
  4426 | D:5      | Entered Level 5 of the Dungeon
  4647 | D:5      | Found a staircase to the Ecumenical Temple.
  5327 | D:5      | Reached XP level 8. HP: 55/57 MP: 12/18
  5337 | D:5      | Reached skill level 6 in Air Magic
  5735 | D:6      | Reached skill level 7 in Air Magic
  6268 | D:6      | Found a glowing golden altar of the Shining One.
  6329 | D:6      | Found a snail-covered altar of Cheibriados.
  6345 | D:6      | Got a steaming bone ring
  6346 | D:6      | Identified the ring of the Final Decision {rCorr -Tele Str+4 Int+3} (You found it on level 6 of the Dungeon)
  6361 | D:6      | Learned a level 5 spell: Lightning Bolt
  6780 | D:6      | Reached XP level 9. HP: 48/61 MP: 9/19
  6823 | D:7      | Reached skill level 8 in Air Magic
  6981 | D:7      | Noticed a two-headed ogre
  7433 | D:7      | Noticed Menkaure
  7442 | D:7      | Killed Menkaure
  7823 | D:7      | Killed a two-headed ogre
  7823 | D:7      | Reached skill level 9 in Air Magic
  8535 | D:8      | Found a sand-covered staircase.
  8539 | Ossuary  | Entered an ossuary
  9489 | D:8      | Reached XP level 10. HP: 37/68 MP: 7/20
  9520 | D:8      | Found a radiant altar of Vehumet.
  9896 | D:8      | Reached skill level 10 in Air Magic
 10061 | D:8      | Learned a level 3 spell: Ozocubu's Armour
 10191 | D:9      | Noticed a two-headed ogre
 10238 | D:9      | Found an iron altar of Okawaru.
 10251 | D:9      | Noticed Maurice
 10281 | D:9      | Noticed Psyche
 10292 | D:9      | Killed Psyche
 10493 | D:9      | Found a sparkling altar of Nemelex Xobeh.
 10748 | D:9      | Found a glowing golden altar of the Shining One.
 10849 | D:9      | Noticed Erica
 10980 | D:9      | Killed Erica
 11123 | D:9      | Found a deep blue altar of Sif Muna.
 11178 | D:9      | Killed a two-headed ogre
 11178 | D:9      | Reached skill level 5 in Ice Magic
 11362 | D:9      | Found a blossoming altar of Fedhas.
 11584 | D:9      | Killed Maurice
 11655 | D:10     | Entered Level 10 of the Dungeon
 12049 | D:10     | Found a staircase to the Lair.
 12062 | D:10     | Noticed a cyclops
 12063 | D:10     | Killed a cyclops
 12353 | D:10     | Noticed Grum
 12371 | D:10     | Killed Grum
 12708 | D:10     | Noticed Erolcha
 12731 | D:10     | Reached XP level 11. HP: 20/74 MP: 0/21
 13005 | D:10     | Noticed a death yak
 13016 | D:10     | Reached skill level 10 in Conjurations
 13016 | D:10     | Reached skill level 11 in Air Magic
 13017 | D:10     | Killed a death yak
 13333 | D:10     | Killed Erolcha
 13854 | Lair:1   | Entered Level 1 of the Lair of Beasts
 13854 | Lair:1   | Noticed Joseph
 13859 | Lair:1   | Killed Joseph
 14056 | Lair:1   | Reached skill level 1 in Fighting
 14585 | Lair:1   | Noticed a five-headed hydra
 14591 | Lair:1   | Killed a five-headed hydra
 14677 | Lair:1   | Noticed Gastronok
 14701 | Lair:1   | Killed Gastronok
 14701 | Lair:1   | Reached skill level 5 in Fighting
 16084 | Lair:2   | Got an ichor-stained trident
 16085 | Lair:2   | Identified the +8 trident "Vygusepn" {flame, rPois rC- Str+4 Int+5} (You found it on level 2 of the Lair of Beasts)
 16184 | Lair:2   | Reached XP level 12. HP: 91/100 MP: 10/22
 16257 | Lair:2   | Found a hole to the Spider Nest.
 17262 | Lair:3   | Reached skill level 5 in Spellcasting
 18183 | Lair:3   | Noticed a five-headed hydra
 18185 | Lair:3   | Killed a five-headed hydra
 18302 | Lair:3   | Reached skill level 5 in Dodging
 19658 | Lair:4   | Found a staircase to the Swamp.
 19765 | Lair:4   | Noticed a seven-headed hydra
 19769 | Lair:4   | Killed a seven-headed hydra
 21288 | Lair:5   | Found a frozen archway.
 21304 | IceCv    | Entered an ice cave
 21357 | IceCv    | Found a transporter.
 21902 | Lair:5   | Reached XP level 13. HP: 89/105 MP: 6/25
 22719 | Lair:5   | Found a staircase to the Slime Pits.
 23094 | Lair:6   | Entered Level 6 of the Lair of Beasts
 25190 | Lair:6   | Reached skill level 1 in Shields
 25292 | Lair:6   | Got an ancient hand axe
 25295 | Lair:6   | Identified the +7 hand axe of the Ghost {freeze, MR+} (You found it on level 6 of the Lair of Beasts)
 25370 | Lair:6   | Found a runed door.
 25738 | Lair:6   | Reached skill level 1 in Polearms
 27205 | Lair:6   | Reached skill level 5 in Polearms
 28318 | Lair:6   | Reached XP level 14. HP: 108/113 MP: 18/31
 28401 | Lair:6   | Reached skill level 12 in Air Magic
 30879 | D:12     | Found a staircase to the Orcish Mines.
 32141 | D:13     | Found a gate to the Vaults.
 33838 | D:14     | Reached skill level 13 in Air Magic
 34086 | D:14     | Identified the cursed +0 helmet of Heavaoja {Regen+ rCorr} (You found it on level 14 of the Dungeon)
 34278 | D:14     | Found a sacrificial altar of Ru.
 34577 | D:15     | Entered Level 15 of the Dungeon
 34906 | D:15     | Noticed Louise
 34911 | D:15     | Killed Louise
 35236 | D:15     | Noticed Josephine
 35240 | D:15     | Killed Josephine
 35660 | D:15     | Killed from afar by an ice dragon

Skill      XL: |  1  2  3  4  5  6  7  8  9 10 11 12 13 14 |
---------------+-------------------------------------------+-----
Conjurations   | 1 2 3 4 5 7 9 10 12 | 12.5
Air Magic      | 3 4 5 7 9 10 11 13 | 13.4
Spellcasting   | 2 3 4 5 8 |  8.6
Ice Magic      | 5 |  5.9
Fighting       | 7 8 |  8.0
Dodging        | 8 9 |  9.7
Shields        | 4 |  4.0
Polearms       | 5 |  5.3
Stealth        | |  1.7

Action                   |  1- 3 |  4- 6 |  7- 9 | 10-12 | 13-15 || total
-------------------------+-------+-------+-------+-------+-------++-------
Melee: Unarmed           |    15 |       |       |       |       ||    15
       Mace              |    19 |    34 |    17 |   114 |       ||   184
       Trident           |       |       |       |    32 |   306 ||   338
 Cast: Shock             |    96 |   141 |   346 |   320 |   180 ||  1083
       Static Discharge  |       |       |    36 |   108 |   150 ||   294
       Airstrike         |       |       |    13 |    41 |    69 ||   123
       Lightning Bolt    |       |       |     3 |    81 |   198 ||   282
       Ozocubu's Armour  |       |       |       |     3 |       ||     3
       Swiftness         |       |       |       |     1 |       ||     1
Evoke: Wand              |       |       |       |     6 |     1 ||     7
  Use: Potion            |     1 |     1 |     5 |     4 |     3 ||    14
       Scroll            |     4 |     4 |     7 |    13 |     3 ||    31
 Stab: Sleeping          |     1 |     1 |       |       |     1 ||     3
       Distracted        |       |     1 |       |     1 |     2 ||     4
  Eat: Chunk             |     7 |    11 |    19 |    61 |    61 ||   159
Armor: Robe              |    13 |    15 |       |       |       ||    28
       Troll leather arm |       |     2 |    35 |    93 |   110 ||   240
Dodge: Dodged            |    39 |    54 |    92 |   252 |   501 ||   938
Block: Buckler           |       |       |       |       |   111 ||   111
